 Dungeon Crawl Stone Soup version 0.17.0 (webtiles) character file.

39 patrick the Grave Robber (level 3, -1/19 HPs)
             Began as a Kobold Necromancer on Nov 17, 2015.
             Slain by a gnoll
             ... wielding a +0 spear
              (3 damage)
             ... on level 3 of the Dungeon.
             The game lasted 00:04:04 (1523 turns).

patrick the Grave Robber (Kobold Necromancer)       Turns: 1523, Time: 00:04:04

Health: -1/19      AC:  2    Str: 11    XL:     3   Next: 67%
Magic:  1/6        EV: 10    Int: 14    God:
Gold:   62         SH:  0    Dex: 16    Spells: 2 memorised, 5 levels left

rFire  . . .     SeeInvis .     a - +0 short sword
rCold  . . .     Clarity  .     h - +0 robe
rNeg   . . .     SustAt   .     (shield restricted)
rPois  .         Gourm    .     (no helmet)
rElec  .         Spirit   .     (no cloak)
rCorr  .         Warding  .     (no gloves)
rMut   .         Stasis   .     (no boots)
MR     .....                    (no amulet)
Stlth  +++.......               (no ring)
                                (no ring)

@: mighty, not resistant to hostile enchantments, fairly stealthy
A: carnivore 3
a: no special abilities


You were on level 3 of the Dungeon.
You were completely stuffed.

You visited 1 branch of the dungeon, and saw 3 of its levels.

You collected 62 gold pieces.

Inventory:

Hand Weapons
 a - a +0 short sword (weapon)
Armour
 h - a +0 robe (worn)
Scrolls
 e - 2 scrolls of identify {unknown}
 k - 2 scrolls of fog {unknown}
 n - a scroll of magic mapping {unknown}
 o - a scroll of teleportation {unknown}
Potions
 f - a potion of lignification
 l - a potion of curing {unknown}
 m - a potion of resistance {unknown}
Books
 b - a book of Necromancy

   Spells                             Type                      Level
   a - Pain                           Necromancy                   1
   b - Animate Skeleton               Necromancy                   1
   c - Vampiric Draining              Necromancy                   3
   d - Regeneration                   Charms/Necromancy            3
   e - Animate Dead                   Necromancy                   4
   f - Control Undead                 Necromancy                   4
Comestibles
 c - 2 meat rations
 d - 7 chunks of flesh
 g - a beef jerky


   Skills:
 + Level 0.2 Fighting
 + Level 1.1 Short Blades
 + Level 2.7 Dodging
 + Level 3.2 Stealth
 * Level 2.5 Spellcasting
 * Level 4.2 Necromancy


You had 5 spell levels left.
You knew the following spells:

 Your Spells              Type           Power        Failure   Level  Hunger
a - Pain                  Necr           ##..         4%          1    #......
b - Animate Skeleton      Necr           N/A          4%          1    #......


Dungeon Overview and Level Annotations

Branches:
Dungeon (3/15)

Altars:
Cheibriados
Dithmenos
Ru


Innate Abilities, Weirdness & Mutations

You are small and have problems with some larger weapons.
You are carnivorous and can eat meat at any time.


Message History

The gnoll shouts!
The gnoll closely misses you.
You aren't carrying any items that can be evoked.
Unknown command.
Drink which item? (? for menu, Esc to quit)
Okay, then.
Unknown command.
Drink which item? (? for menu, Esc to quit)
It was a potion of cancellation.
Your magical contamination has completely faded away.
You feel magically purged.
Drink which item? (? for menu, Esc to quit)
It was a potion of might.
You feel very mighty all of a sudden.
The gnoll hits you from afar with a spear!
Ouch! That really hurt!
* * * LOW HITPOINT WARNING * * *
There is a stone staircase leading up here.
The gnoll hits you from afar with a spear.
You die...

... ...
###########... .
..........g..
.#.......)g...
...##........
#....#.g)...
#### #...
#.#.... #@.##
#..##.#....
#...#
###g..##...
#)#g# ##gg.###
#.. #.#g###..###
## #.#.##..##
#.#g#..##
####.#.g.##
.........#######
................


You could see 2 gnolls.

Vanquished Creatures
  A giant gecko (D:1)
  An orc (D:3)
  A giant cockroach (D:1)
  6 hobgoblins
  4 jackals (D:1)
  3 kobolds (D:1)
  4 bats
  3 giant newts
  6 goblins
  6 rats
35 creatures vanquished.

Vanquished Creatures (collateral kills)
  A goblin (D:1)
  A hobgoblin (D:1)
2 creatures vanquished.

Vanquished Creatures (others)
  4 toadstools (D:1)
4 creatures vanquished.

Grand Total: 41 creatures vanquished

Notes
Turn   | Place    | Note
--------------------------------------------------------------
     0 | D:1      | patrick the Kobold Necromancer began the quest for the Orb.
     0 | D:1      | Reached XP level 1. HP: 10/10 MP: 3/3
    41 | D:1      | Learned a level 1 spell: Animate Skeleton
    81 | D:1      | Reached XP level 2. HP: 10/15 MP: 0/5
   476 | D:1      | Reached XP level 3. HP: 16/19 MP: 1/6
   603 | D:1      | Found a snail-covered altar of Cheibriados.
   807 | D:2      | Reached skill level 1 in Short Blades
  1223 | D:2      | Found a shadowy altar of Dithmenos.
  1232 | D:2      | Found a sacrificial altar of Ru.
  1523 | D:3      | Slain by a gnoll

Action                   || total
-------------------------++-------
Melee: Club              ||    11
       Unarmed           ||     3
       Short sword       ||    36
 Cast: Pain              ||    33
       Animate Skeleton  ||    15
  Use: Potion            ||     3
 Stab: Sleeping          ||     8
  Eat: Chunk             ||    11
